 Dungeon Crawl Stone Soup version 0.15.1-3-g1b33baa (webtiles) character file.

6405 bwiles81 the Ruinous (level 10, -8/59 HPs)
             Began as a Gargoyle Wizard on Oct 3, 2014.
             Was a Follower of Vehumet.
             Mangled by a hill giant
             ... wielding a +0 giant club
              (34 damage)
             ... on Level 8 of the Dungeon.
             The game lasted 01:08:16 (12924 turns).

bwiles81 the Ruinous (Gargoyle Wizard)             Turns: 12924, Time: 01:08:16

HP  -8/59        AC 16     Str 11      XL: 10   Next: 98%
MP   3/24        EV 11     Int 22      God: Vehumet [*.....]
Gold 259         SH  5     Dex  8      Spells:  5 memorised, 10 levels left

rFire  . . .     SeeInvis .     x - staff of air
rCold  . . .     Clarity  .     n - +0 leather armour
rNeg   + . .     rCorr    .     e - +1 buckler
rPois  +         rRot     +     b - +0 hat
rElec  +         Spirit   .     l - +0 cloak
SustAb .         Warding  .     h - +0 pair of gloves
rMut   .         Stasis   .     (no boots)
Gourm  .                        (no amulet)
MR     .....                    (no ring)
                                g - +3 ring of protection

@: not resistant to hostile enchantments, very unstealthy
A: negative energy resistance 1, electricity resistance, unbreathing,
petrification resistance, rot immunity, AC +7
a: Renounce Religion


You were on level 8 of the Dungeon.
You worshipped Vehumet.
Vehumet was aware of your devotion.
You were not hungry.

You visited 2 branches of the dungeon, and saw 9 of its levels.
You also visited: Ossuary.

You collected 429 gold pieces.
You spent 170 gold pieces at shops.

Inventory:

Armour
 b - a +0 hat (worn)
 e - a +1 buckler (worn)
 h - a +0 pair of gloves (worn)
 l - a +0 cloak (worn)
 n - a +0 leather armour (worn)
Magical devices
 u - a wand of digging (21)
 w - a wand of enslavement (1)
 B - a wand of slowing (3)
 D - a wand of digging (6)
 G - a wand of flame (7)
 I - a wand of fireball (3)
Comestibles
 d - 5 bread rations
 k - a royal jelly
 A - 6 beef jerkies
Scrolls
 a - 2 scrolls of magic mapping {unknown}
 f - 5 scrolls of identify
 i - a scroll of fear
 j - 3 scrolls of teleportation
 p - a scroll of remove curse
 q - a scroll of recharging
 y - a scroll of enchant armour
 C - 3 scrolls of amnesia
 F - a scroll of random uselessness {unknown}
Jewellery
 g - a +3 ring of protection (left hand)
Potions
 m - 4 potions of might
 o - a potion of berserk rage
 r - a potion of brilliance
 s - 3 potions of curing
 t - a potion of cancellation
 z - a potion of cure mutation
 H - a potion of mutation {unknown}
Books
 c - a book of Minor Magic

   Spells                             Type                      Level
   *Magic Dart                        Conjuration                  1
   *Blink                             Translocation                2
   Call Imp                           Summoning                    2
   *Repel Missiles                    Charms/Air                   2
   Slow                               Hexes                        2
   *Conjure Flame                     Conjuration/Fire             3
   *Mephitic Cloud                    Conjuration/Poison/Air       3
 v - a book of Envenomations

   Spells                             Type                      Level
   Spider Form                        Transmutation/Poison         3
   Alistair's Intoxication            Transmutation/Poison         4
   Olgreb's Toxic Radiance            Poison                       4
   Poisonous Cloud                    Conjuration/Poison/Air       6
Magical staves
 x - an uncursed staff of air (weapon)


   Skills:
 - Level 5.3 Fighting
   Level 2.2(2.6) Maces & Flails
 + Level 1.9(2.4) Staves
 + Level 5.7 Armour
 + Level 4.5 Dodging
 - Level 2.1 Stealth
 - Level 5.1 Shields
 + Level 6.3 Spellcasting
 + Level 6.8 Conjurations
   Level 0.8 Summonings
 - Level 0.8 Translocations
 + Level 5.5 Fire Magic
 + Level 4.4 Air Magic
 - Level 1.0 Poison Magic
 + Level 2.2 Evocations


You had 10 spell levels left.
You knew the following spells:

 Your Spells              Type           Power        Failure   Level  Hunger
a - Magic Dart            Conj           ####         1%          1    None
b - Conjure Flame         Conj/Fire      ####....     1%          3    ##.....
c - Mephitic Cloud        Conj/Pois/Air  #####...     6%          3    ##.....
d - Blink                 Tloc           N/A          12%         2    None
e - Repel Missiles        Chrm/Air       ####..       8%          2    None


Dungeon Overview and Level Annotations

Branches:
Dungeon (8/15)             Temple (1/1) D:6
   Lair: D:8-11

Altars:
Ashenzari
Cheibriados
Dithmenos
Elyvilon
Fedhas
Kikubaaqudgha
Makhleb
Nemelex Xobeh
Okawaru
Qazlal
Sif Muna
Trog
Vehumet
Xom
Yredelemnul
Zin
The Shining One
Lugonu

Shops:
D:6 ?


Innate Abilities, Weirdness & Mutations

You are resistant to torment.
You are immune to poison.
Your stone body is very resilient (AC +7).
You resist negative energy.
You are resistant to electric shocks.
You can survive without breathing.
You are immune to petrification.
You are immune to rotting.


Message History

Casting: Conjure Flame
Confirm with . or Enter, or press ? or * to list all spells.
Aiming: Conjure Flame
Press: ? - help, Dir - move target cursor The fire roars!
The hill giant is engulfed in roaring flames.
Casting: Conjure Flame
Confirm with . or Enter, or press ? or * to list all spells.
Aiming: Magic Dart
Press: ? - help, Shift-Dir - straight line, f - hill giant
Aim: a hill giant, wielding a giant club (flame, moderately wounded, bewildered and confused)
The magic dart hits the hill giant.
The hill giant is heavily wounded.
The hill giant is engulfed in roaring flames.
You catch the helpless hill giant completely off-guard!
You hit the hill giant but do no damage.
The hill giant is heavily wounded.
The hill giant hits you with a giant club!!
Ouch! That really hurt!
You die...

......#........................##
#.%..§#####...########...........
#.....§........<...............##
.....#.######################....
.(%..#.'....................#.##.
...>.#.#................C...#.##.
.....#.##(.###############..#.##.
.....#..#(..# #...§§.....%..#....
.....#..#.(.###.@C((§.......#....
.....#..##...##.%##########'#....
.....#...#)...#%.# .#....
####.#...##......# .#....
#.#....###....## .#.###
#.#......####..# .#....
#.#.........##'# .#.##.
#.#............## .#....
#..).........(.[# .#.#..


You could see a hill giant (confused).

Vanquished Creatures
  A centaur warrior (D:8)
  A cyclops (D:8)
  The ghost of staplegun the Chiller, an average OpIE (D:5)
  3 yaks (D:7)
  A hungry ghost (D:8)
  A vampire mosquito (D:8)
  3 water moccasins
  A hippogriff (D:8)
  2 ice beasts
  A yellow wasp (D:7)
  A black bear (D:6)
  A sky beast (D:7)
  A necrophage (D:8)
  A phantom (D:4)
  7 ogres
  6 elf zombies (Ossuary)
  2 big kobolds (D:7)
  A centaur (D:8)
  2 giant frogs
  A troll zombie (D:8)
  A water moccasin skeleton (D:4)
  5 scorpions
  8 killer bees
  3 centaur zombies (Ossuary)
  6 crimson imps
  2 hounds (D:6)
  3 human zombies (Ossuary)
  A giant frog skeleton (D:7)
  5 orc priests
  2 iguanas
  6 worker ants
  Natasha (thrice) (D:3)
  5 orc wizards
  2 sky beast zombies (D:8)
  Ijyb (D:5)
  A hound zombie (D:8)
  Terence (D:3)
  3 mummies (Ossuary)
  7 adders
  3 gnolls
  2 shadow imps (D:5)
  3 giant mites
  A worm (D:3)
  2 adder skeletons
  2 orc zombies
  4 giant geckos
  4 oozes
  33 orcs
  20 bats
  7 giant cockroaches
  10 hobgoblins
  A quokka (D:8)
  A giant cockroach zombie (D:5)
  8 giant newts
  10 goblins
  23 kobolds
  A kobold skeleton (D:6)
  A quokka zombie (D:5)
  16 rats
  A rat skeleton (D:5)
  A rat zombie (D:5)
  A spectral orc (D:6)
258 creatures vanquished.

Vanquished Creatures (collateral kills)
  A hippogriff (D:8)
  Sigmund (D:5)
  An eye of draining (D:8)
  2 killer bees (D:8)
  A hobgoblin (D:8)
6 creatures vanquished.

Vanquished Creatures (others)
  A centaur (D:8)
1 creature vanquished.

Grand Total: 265 creatures vanquished

Notes
Turn   | Place    | Note
--------------------------------------------------------------
     0 | D:1      | bwiles81, the Gargoyle Wizard, began the quest for the Orb.
     0 | D:1      | Reached XP level 1. HP: 10/10 MP: 4/4
    87 | D:1      | Reached XP level 2. HP: 15/15 MP: 0/6
   262 | D:1      | Reached skill level 1 in Shields
   999 | D:2      | Reached XP level 3. HP: 19/19 MP: 4/8
  1004 | D:2      | Learned a level 3 spell: Conjure Flame
  1008 | D:2      | Learned a level 3 spell: Mephitic Cloud
  1689 | D:3      | Reached XP level 4. HP: 22/24 MP: 2/9
  2051 | D:3      | Reached skill level 1 in Fire Magic
  2128 | D:3      | Noticed Natasha
  2135 | D:3      | Killed Natasha
  2302 | D:3      | Noticed Terence
  2305 | D:3      | Noticed Natasha
  2440 | D:2      | Reached skill level 1 in Poison Magic
  2491 | D:2      | Reached skill level 1 in Air Magic
  2491 | D:2      | Reached XP level 5. HP: 23/28 MP: 3/11
  2559 | D:3      | Killed Terence
  2713 | D:3      | Killed Natasha
  2781 | D:3      | Noticed Natasha
  3124 | D:3      | Killed Natasha
  3620 | D:3      | Learned a level 2 spell: Blink
  3623 | D:3      | Learned a level 2 spell: Repel Missiles
  3660 | D:3      | Found an ancient bone altar of Kikubaaqudgha.
  3888 | D:3      | Reached XP level 6. HP: 32/32 MP: 9/13
  4246 | D:4      | Reached skill level 1 in Armour
  4513 | D:4      | Reached skill level 1 in Fighting
  4827 | D:4      | Reached XP level 7. HP: 38/38 MP: 5/15
  5421 | D:4      | Found a shattered altar of Ashenzari.
  5524 | D:4      | Reached skill level 4 in Spellcasting
  5871 | D:4      | Found a sparkling altar of Nemelex Xobeh.
  6059 | D:5      | Entered Level 5 of the Dungeon
  6175 | D:5      | Reached skill level 1 in Maces & Flails
  6188 | D:5      | Found a glowing silver altar of Zin.
  6194 | D:5      | Found a sand-covered staircase.
  6202 | Ossuary  | Entered an ossuary
  6327 | Ossuary  | Reached XP level 8. HP: 18/45 MP: 3/18
  7254 | D:5      | Noticed staplegun's ghost (average OpIE)
  7265 | D:5      | Killed staplegun's ghost
  7533 | D:5      | Reached XP level 9. HP: 47/51 MP: 18/20
  7660 | D:5      | Noticed Ijyb
  7662 | D:5      | Noticed Sigmund
  7671 | D:5      | Killed Sigmund
  7693 | D:5      | Killed Ijyb
  8156 | D:5      | Reached skill level 5 in Conjurations
  8171 | D:5      | Reached skill level 5 in Spellcasting
  8507 | D:6      | Found a staircase to the Ecumenical Temple.
  8562 | Temple   | Entered the Ecumenical Temple
  8861 | D:6      | Found a snail-covered altar of Cheibriados.
  8951 | D:6      | Found Meneabek's Magic Scroll Shop.
  8954 | D:6      | Bought a scroll of amnesia for 35 gold pieces
  8954 | D:6      | Bought a scroll of identify for 20 gold pieces
  8954 | D:6      | Bought a scroll of identify for 20 gold pieces
  8954 | D:6      | Bought a scroll of enchant armour for 75 gold pieces
  8954 | D:6      | Bought a scroll of identify for 20 gold pieces
  9075 | D:6      | Found a basalt altar of Yredelemnul.
  9797 | D:8      | Reached XP level 10. HP: 26/58 MP: 5/23
  9950 | D:8      | Noticed a centaur warrior
 10300 | D:8      | Reached skill level 5 in Armour
 10430 | D:7      | Reached skill level 6 in Conjurations
 10444 | D:7      | Reached skill level 5 in Fighting
 10738 | D:7      | Found a shadowy altar of Dithmenos.
 11684 | D:8      | Found a radiant altar of Vehumet.
 11694 | D:8      | Became a worshipper of Vehumet
 11702 | D:8      | Killed a centaur warrior
 11702 | D:8      | Reached skill level 5 in Shields
 11702 | D:8      | Reached skill level 5 in Fire Magic
 11702 | D:8      | Reached skill level 1 in Evocations
 11917 | D:8      | Reached skill level 1 in Staves
 11995 | D:8      | Found a bloodstained altar of Trog.
 12497 | D:8      | Acquired Vehumet's first power
 12497 | D:8      | Offered knowledge of Flame Tongue by Vehumet.
 12687 | D:8      | Noticed a cyclops
 12743 | D:8      | Killed a cyclops
 12879 | D:8      | Noticed a hill giant
 12924 | D:8      | Mangled by a hill giant

Action                   |  1- 3 |  4- 6 |  7- 9 | 10-12 || total
-------------------------+-------+-------+-------+-------++-------
Melee: Unarmed           |    23 |    73 |       |       ||    96
       Morningstar       |       |       |   337 |    55 ||   392
       Staff             |       |       |       |   169 ||   169
 Cast: Magic Dart        |    75 |   154 |   222 |   169 ||   620
       Mephitic Cloud    |       |    13 |    29 |    38 ||    80
       Conjure Flame     |       |     2 |     9 |    12 ||    23
       Blink             |       |       |       |     2 ||     2
Evoke: Wand              |       |       |     5 |     3 ||     8
  Use: Scroll            |       |    13 |     9 |     3 ||    25
       Potion            |       |       |     4 |     1 ||     5
 Stab: Confused          |       |     8 |    10 |    12 ||    30
  Eat: Beef jerky        |     1 |       |     1 |       ||     2
       Pizza             |     1 |       |       |       ||     1
       Meat ration       |       |     2 |     1 |     1 ||     4
       Bread ration      |       |     1 |     2 |     2 ||     5
